 Dungeon Crawl Stone Soup version 0.30.0-13-g156ef70053 (webtiles) character file.

Game seed: 12692617085470120674

307 howech the Twirler (level 6, -1/53 HPs)
             Began as a Minotaur Gladiator on May 17, 2023.
             Was an Initiate of Jiyva.
             Slain by a centaur (3 damage)
             ... on level 4 of the Dungeon.
             The game lasted 00:12:24 (2600 turns).

howech the Twirler (Minotaur Gladiator)             Turns: 2600, Time: 00:12:25

Health: -1/53      AC:  3    Str: 19    XL:     6   Next: 16%
Magic:  5/5        EV: 13    Int:  7    God:    Jiyva [......]
Gold:   154        SH:  0    Dex: 11    Spells: 5/5 levels left

rFire   . . .        a - +0 quarterstaff
rCold   . . .        (shield currently unavailable)
rNeg    . . .        b - +0 leather armour
rPois   .            c - +0 hat
rElec   .            (no cloak)
rCorr   .            (no gloves)
SInv    .            (no boots)
Will    .....        (no amulet)
Stlth   +            (no ring)
HPRegen 0.28/turn    (no ring)
MPRegen 0.09/turn

%: no passive effects
@: no status effects
A: horns 2, retaliatory headbutt
a: Renounce Religion


You were on level 4 of the Dungeon.
You worshipped Jiyva.
Jiyva was noncommittal.
You visited 1 branch of the dungeon, and saw 4 of its levels.
You also visited: Sewer.

You collected 154 gold pieces.

Inventory:

Hand Weapons
 a - a +0 quarterstaff (weapon)
Missiles
 d - 3 throwing nets (quivered)
 e - a javelin
 g - 2 poisoned darts
 l - 2 boomerangs
Armour
 b - a +0 leather armour (worn)
 c - a +0 hat (worn)
 o - a +0 pair of boots
Scrolls
 i - a scroll of identify {unknown}
 m - a scroll of teleportation
 p - 2 scrolls of immolation {unknown}
 q - a scroll of vulnerability {unknown}
 t - a scroll of torment
 u - a scroll of poison {unknown}
Potions
 f - 2 potions of resistance {unknown}
 h - a potion of lignification {unknown}
 j - a potion of ambrosia {unknown}
 k - 2 potions of mutation {unknown}
 n - a potion of might {unknown}
 r - a potion of haste {unknown}
 s - a potion of magic {unknown}
 v - a potion of degeneration {unknown}


   Skills:
 + Level 4.4 Fighting
 + Level 5.2 Staves
 + Level 3.6 Throwing
 + Level 4.7 Dodging


You had 5 spell levels left.
You didn't know any spells.
Your spell library contained the following spells:

 Spells                   Type           Power      Damage    Failure   Level
 Magic Dart               Conj           0%         1d3       50%         1
 Call Imp                 Summ           0%         N/A       63%         2
 Mephitic Cloud           Conj/Pois/Air  0%         N/A       86%         3


Dungeon Overview and Level Annotations

Branches:
Dungeon (4/15)              Sewer (visited)
 Temple: D:4-7

Altars:
Fedhas

Annotations:
D:1 1 transporter


Innate Abilities, Weirdness & Mutations

You have a pair of horns on your head.
You reflexively headbutt those who attack you in melee.


Message History

The centaur kicks you but does no damage.
Okay, then.
Okay, then.
You hit the centaur but do no damage.
The centaur is moderately wounded.
The centaur closely misses you. The centaur misses you.
You thump the centaur!
The centaur is severely wounded.
The centaur misses you.
The centaur kicks you but does no damage.
The centaur hits you.
* * * LOW HITPOINT WARNING * * *
The centaur barely misses you.
Unknown command.
You hit the centaur.
The centaur is almost dead.
The centaur hits you.
* * * LOW HITPOINT WARNING * * *
The centaur kicks you.
* * * LOW HITPOINT WARNING * * *
The centaur hits you.
* * * LOW HITPOINT WARNING * * *
The centaur barely misses you.
Unknown command.
Unknown command.
You closely miss the centaur.
The centaur is almost dead.
The centaur barely misses you. The centaur kicks you.
* * * LOW HITPOINT WARNING * * *
Unknown command.
Unknown command.
Unknown command.
Unknown command.
Unknown command.
You hit the centaur.
The centaur is almost dead.
The centaur hits you.
* * * LOW HITPOINT WARNING * * *
The centaur misses you. The centaur hits you.
You die...

......................
...####.#######.######
#..# #.# ##.## #.#
#..# #.## #.## #..#
#.# ##.# ##.# ### #.@#
#.....c# #.##....
...#### $### #. ^


You could see a centaur.

Vanquished Creatures
  2 jellies (Sewer)
  Natasha (thrice) (D:2)
  Robin (D:1)
  6 adders
  2 river rats (Sewer)
  2 dart slugs
  4 orcs (D:3)
  3 endoplasms
  4 giant cockroaches
  13 goblins
  5 hobgoblins
  2 jackals (D:1)
  3 kobolds
  2 quokkas
  13 ball pythons
  4 bats
  9 frilled lizards
  12 rats
90 creatures vanquished.

Vanquished Creatures (others)
  An orc (D:3)
1 creature vanquished.

Grand Total: 91 creatures vanquished

Notes
Turn   | Place    | Note
-------+----------+-------------------------------------------
     0 | D:1      | howech the Minotaur Gladiator began the quest for the Orb.
     0 | D:1      | Reached XP level 1. HP: 18/18 MP: 0/0
   111 | D:1      | Found a faded altar of an unknown god.
   129 | D:1      | Reached XP level 2. HP: 25/25 MP: 1/1
   574 | D:1      | Reached skill level 4 in Staves
   653 | D:2      | Noticed Natasha
   665 | D:2      | Killed Natasha
   666 | D:2      | Reached XP level 3. HP: 4/31 MP: 2/2
   782 | D:2      | Noticed Robin
   826 | D:1      | Killed Robin
   852 | D:2      | Reached XP level 4. HP: 38/38 MP: 3/3
   914 | D:2      | Noticed Natasha
   923 | D:2      | Killed Natasha
  1164 | D:2      | Noticed Natasha
  1169 | D:2      | Killed Natasha
  1187 | D:2      | Reached XP level 5. HP: 43/46 MP: 4/4
  1472 | D:3      | Found a blossoming altar of Fedhas.
  1552 | D:3      | Found a glowing drain.
  1854 | Sewer    | Entered a sewer
  1945 | Sewer    | Reached skill level 5 in Staves
  2037 | Sewer    | Found a viscous altar of Jiyva.
  2047 | Sewer    | Reached XP level 6. HP: 32/52 MP: 5/5
  2191 | Sewer    | Became a worshipper of Jiyva Juurooz the Shapeless
  2599 | D:4      | HP: 2/53 [centaur (3)]
  2600 | D:4      | Slain by a centaur

Illustrated notes

Levels and vault maps discovered:
D:1:      spicycebolla_arrival_risky_transporter, layout_basic,
          chequers_ecumenical_altar_simple, minmay_lizard_pond
D:2:      layout_basic, serial_bayou_lake_a, uniq_natasha, uniq_robin
D:3:      layout_loops_ring, fedhas_altar_1, gup_sewer_entry_glass,
          chequers_serial_rivers_large_b, minmay_ruptured
D:4:      layout_rooms, lemuel_crystal_altar, nicolae_overflow_two_pavilions,
          mainiacjoe_overflow_24_doors, gammafunk_ghost_grave

Skill      XL: |  1  2  3  4  5 |
---------------+----------------+-----
Staves         | 4 5 |  5.2
Fighting       | 3 4 |  4.4
Dodging        | 4 |  4.7
Throwing       | 3 |  3.6

Action                     |  1- 3 |  4- 6 || total
---------------------------+-------+-------++-------
  Melee: Quarterstaff      |    63 |   121 ||   184
         Headbutt          |     4 |    11 ||    15
    Use: Scroll            |       |     3 ||     3
 Armour: Leather armour    |    29 |    20 ||    49
  Dodge: Dodged            |    42 |    78 ||   120
